 Dungeon Crawl Stone Soup version 0.31.0-11-ge490571c62 (webtiles) character file.

Game seed: 13303708600451107320

5677 javelincjr the Trooper (level 11, -5/81 HPs)
             Began as a Djinni Fire Elementalist on Jan 25, 2024.
             Was a Follower of Qazlal.
             Killed by divine providence
             ... invoked by a smoke demon
             ... summoned by a kobold demonologist
              (14 damage)
             ... on level 9 of the Dungeon on Jan 26, 2024.
             The game lasted 00:46:46 (7905 turns).

javelincjr the Trooper (Djinni Fire Elementalist)   Turns: 7905, Time: 00:46:47

Health: -5/81      AC: 14    Str: 11    XL:     11   Next: 4%
Gold:   466        EV: 14    Int: 33    God:    Qazlal [*.....] SH:  6 Dex: 14

rFire   + + .        S - +9 dagger of Charming Execution {venom, Int+6 Stlth+}
rCold   x . .        R - +0 buckler
rNeg    . . .        p - +3 robe "Piurus" {Str+4}
rPois   ∞            o - +2 helmet
rElec   .            N - +0 cloak
rCorr   .            d - +0 pair of gloves
SInv    .            (boots unavailable)
Will    +....        (no amulet)
Stlth   +++          K - +6 ring of intelligence
HPRegen 0.33/turn    u - +4 ring of protection
MPRegen 0.00/turn

%: infuse magic (-6 HP)
@: flying
A: sickness immunity, fire resistance 2, cold vulnerability 1, float, innate
caster, HP casting, extra vitality 1
a: Renounce Religion


You were on level 9 of the Dungeon.
You worshipped Qazlal.
Qazlal was aware of your devotion.
You visited 2 branches of the dungeon, and saw 10 of its levels.

You collected 466 gold pieces.

Inventory:

Hand Weapons
 v - a +3 hand axe
 x - a +2 whip of venom
 y - the +8 short sword of Uskayaw's Favour {drain, Str+3}
   (You took it off an orc wizard on level 4 of the Dungeon)

   Str+3:     It affects your strength (+3).
 E - the +6 whip of Tiwoog {heavy, rElec rF- rCorr Dex+8}
   (You found it on level 5 of the Dungeon)

   Dex+8:     It affects your dexterity (+8).
   rF-:       It makes you vulnerable to fire.
   rElec:     It insulates you from electricity.
   rCorr:     It protects you from acid and corrosion.
 S - the +9 dagger of Charming Execution (weapon) {venom, Int+6 Stlth+}
   (You found it on level 8 of the Dungeon)

   Int+6:     It affects your intelligence (+6).
   Stlth+:    It makes you more stealthy.
Missiles
 P - a throwing net
Armour
 a - a +0 robe
 d - a +0 pair of gloves (worn)
 o - a +2 helmet (worn)
 p - the +3 robe "Piurus" (worn) {Str+4}
   (You found it on level 3 of the Dungeon)

   Str+4:     It affects your strength (+4).
 w - a +2 robe of cold resistance
 C - a +2 leather armour of willpower
 H - a +4 chain mail
 J - +0 swamp dragon scales
 N - a +0 cloak (worn)
 R - a +0 buckler (worn)
Jewellery
 l - a ring of resist corrosion
 u - a +4 ring of protection (right hand)
 K - a +6 ring of intelligence (left hand)
Talismans
 h - a storm talisman
 z - a serpent talisman
Wands
 F - a wand of digging (3)
 G - a wand of iceblast (12)
 L - a wand of paralysis (8)
Scrolls
 c - a scroll of noise {unknown}
 e - 3 scrolls of blinking {unknown}
 j - 9 scrolls of teleportation
 m - 4 scrolls of enchant armour
 n - a scroll of fear {unknown}
 q - 3 scrolls of revelation
 s - a scroll of torment {unknown}
 B - a scroll of fog {unknown}
 M - a scroll of poison {unknown}
 O - a scroll of enchant weapon {unknown}
 Q - a scroll of immolation {unknown}
Potions
 b - 2 potions of might
 f - 4 potions of curing
 g - a potion of magic
 i - a potion of ambrosia
 k - a potion of invisibility
 r - 4 potions of haste
 t - 3 potions of enlightenment
 A - 2 potions of lignification
 D - a potion of attraction
 I - a potion of berserk rage


   Skills:
 * Level 7.9 Fighting
 + Level 4.1 Short Blades
 - Level 3.0 Armour
 + Level 6.5 Dodging
 - Level 1.5 Stealth
 + Level 1.2 Shields
 * Level 6.6 Spellcasting
 * Level 6.6 Conjurations
 * Level 6.6 Hexes
 * Level 6.6 Summonings
 * Level 6.6 Necromancy
 * Level 6.6 Translocations
 * Level 6.6 Fire Magic
 * Level 6.6 Ice Magic
 * Level 6.6 Air Magic
 * Level 6.6 Earth Magic
 * Level 6.6 Alchemy
 + Level 1.2 Invocations
 + Level 1.2 Evocations
 * Level 6.0 Shapeshifting


You knew the following spells:

 Your Spells              Type           Power      Damage    Failure   Level
a - Foxfire               Conj/Fire      100%       2x1d9     1%          1
b - Scorch                Fire           100%       2d9       1%          2
c - Volatile Blastmotes   Fire/Tloc      100%       2d18      1%          3
d - Inner Flame           Hex/Fire       53%        N/A       1%          3
e - Flame Wave            Conj/Fire      53%        2d13      3%          4
f - Shock                 Conj/Air       100%       1d9       1%          1
g - Momentum Strike       Conj/Tloc      100%       3d10      1%          2
h - Lesser Beckoning      Tloc           100%       N/A       1%          2
i - Brom's Barrelling Bo  Conj/Erth      53%        2d7       3%          4
j - Petrify               Alch/Erth      53%        N/A       3%          4
Your spell library was empty.

Dungeon Overview and Level Annotations

Branches:
Dungeon (9/15)             Temple (1/1) D:7
   Lair: D:8-11         Orc: D:9-12

Altars:
Ashenzari
Cheibriados
Dithmenos
Elyvilon
Fedhas
Gozag
Hepliaklqana
Makhleb
Nemelex Xobeh
Okawaru
Qazlal
Ru
Trog
Uskayaw
Wu Jian
Xom
Yredelemnul
Zin
The Shining One

Shops:
D:1 !


Innate Abilities, Weirdness & Mutations

You are immune to sickness and miasma.
You are immune to poison.
Your flesh is very heat resistant. (rF++)
You are vulnerable to cold. (rC-)
You float through the air rather than walking.
You learn spells naturally, not from books.
Your magical power is your life essence.
You have superior vitality. (+4 MHP)


Message History

The centaur is knocked back.
The kobold demonologist is knocked back.
The boulder barrels into the kobold demonologist!
The kobold demonologist is heavily wounded.
The kobold demonologist is knocked back.
The kobold hits your boulder but does no damage.
The boulder barrels into the kobold demonologist!
The kobold demonologist is heavily wounded.
Your boulder is destroyed!
Casting: Brom's Barrelling Boulder (dangerous; 3% risk of failure)
Confirm with . or Enter, or press ? or * to list all spells.
Aiming: Brom's Barrelling Boulder (dangerous; 3% risk of failure)
Press: ? - help, Dir - move target, f - orc warrior
Aim: an orc warrior, wielding a +0 scimitar and wearing a +0 plate armour (sparse dust, almost dead, 100% to hit)
You send a boulder barrelling forward!
* * * LOW HITPOINT WARNING * * *
The kobold demonologist mumbles some strange words.
The boulder barrels into the orc warrior!
You kill the orc warrior!
Qazlal accepts your kill.
The boulder barrels into the rust devil!
The rust devil is moderately wounded.
The rust devil is knocked back.
The boulder barrels into the rust devil!
The rust devil is heavily wounded.
The kobold demonologist is knocked back.
The rust devil is knocked back.
The boulder barrels into the rust devil!
The rust devil is heavily wounded.
The rust devil is knocked back.
The smoke demon gestures at you. Something smites you!
* * * LOW HITPOINT WARNING * * *
The kobold hits your boulder but does no damage.
The boulder barrels into the rust devil!
The rust devil is severely wounded.
Your boulder is destroyed!
The smoke demon gestures at you. Something smites you!
You die...

#4K #°3 #○#
#)# #○# #.#
##.## #@..#
............#
####.##......#
.. .....#....
## #####...###
####


You could see a rust devil (summoned), a kobold demonologist and a smoke demon
(summoned).

Vanquished Creatures
  A tengu warrior (D:8)
  The ghost of Zvl3 the Geomancer, a novice GrEE of Vehumet (D:8)
  A hornet (D:9)
  A vampire (D:9)
  5 yaks (D:8)
  A swamp worm (D:7)
  4 water moccasins
  Duvessa (D:5)
  2 orc warriors
  A sky beast (D:4)
  2 black bears
  A phantom (D:6)
  4 centaurs
  Blork the orc (D:6)
  3 bullfrogs
  9 wights
  Dowan (D:5)
  3 killer bees (D:8)
  A bombardier beetle (D:6)
  3 hounds
  A jelly (D:4)
  Crazy Yiuf (D:6)
  An orc priest (D:5)
  A gnoll bouda (D:9)
  2 iguanas
  A sleepcap (D:5)
  3 orc wizards (D:4)
  8 gnolls
  8 adders
  A shadow imp (D:7)
  A white imp (D:8)
  2 dart slugs
  2 ribbon worms (D:2)
  17 orcs
  4 ball pythons
  3 bats
  2 endoplasms
  3 giant cockroaches
  4 goblins
  5 hobgoblins
  4 jackals (D:1)
  2 quokkas
  13 frilled lizards
  10 kobolds
  5 rats
150 creatures vanquished.

Vanquished Creatures (collateral kills)
  Maggie (D:6)
  A ynoxinul (D:8)
  A gnoll sergeant (D:7)
  A gnoll (D:7)
  26 boulders
30 creatures vanquished.

Vanquished Creatures (others)
  27 boulders
  375 foxfires
402 creatures vanquished.

Grand Total: 582 creatures vanquished

Notes
Turn   | Place    | Note
-------+----------+-------------------------------------------
     0 | D:1      | javelincjr the Djinni Fire Elementalist began the quest for
                  | the Orb.
     0 | D:1      | javelincjr set off with the following spells memorised:
                  | Foxfire, Scorch, Volatile Blastmotes, Inner Flame, Flame
                  | Wave.
     0 | D:1      | Reached XP level 1. HP: 15/15 MP: 0/0
   131 | D:1      | Found Zomusih's Distillery.
   165 | D:1      | Reached XP level 2. HP: 16/22 MP: 0/0
   378 | D:1      | Reached skill level 1 in Fighting
   639 | D:1      | Reached XP level 3. HP: 26/27 MP: 0/0
   639 | D:1      | Learned a level 1 spell: Shock
  1060 | D:2      | Reached skill level 1 in Armour
  1183 | D:2      | Reached XP level 4. HP: 27/32 MP: 0/0
  1857 | D:3      | Reached skill level 2 in Fighting
  1953 | D:3      | Identified the +3 robe "Piurus" {Str+4}
  2210 | D:3      | Reached XP level 5. HP: 30/38 MP: 0/0
  2210 | D:3      | Learned a level 2 spell: Momentum Strike
  2652 | D:4      | Noticed a sky beast
  2655 | D:4      | Killed a sky beast
  2656 | D:4      | Reached skill level 1 in Shapeshifting
  2656 | D:4      | Reached XP level 6. HP: 39/45 MP: 0/0
  2752 | D:4      | Reached skill level 3 in Fighting
  2785 | D:4      | Reached XP level 7. HP: 8/50 MP: 0/0
  2785 | D:4      | Learned a level 2 spell: Lesser Beckoning
  3011 | D:4      | Identified the +8 short sword of Uskayaw's Favour {drain,
                  | Str+3}
  3029 | D:4      | Reached skill level 4 in Fighting
  3869 | D:5      | Entered Level 5 of the Dungeon
  3878 | D:5      | Reached XP level 8. HP: 37/58 MP: 0/0
  3995 | D:5      | Noticed Dowan
  3999 | D:5      | Noticed Duvessa
  4006 | D:5      | Killed Duvessa
  4015 | D:5      | Killed Dowan
  4167 | D:5      | Reached skill level 1 in Short Blades
  4578 | D:5      | Identified the +6 whip of Tiwoog {heavy, rElec rF- rCorr
                  | Dex+8}
  4764 | D:6      | Reached skill level 5 in Fighting
  4784 | D:6      | Reached skill level 5 in Spellcasting
  4784 | D:6      | Reached skill level 5 in Conjurations
  4784 | D:6      | Reached skill level 5 in Hexes
  4784 | D:6      | Reached skill level 5 in Summonings
  4784 | D:6      | Reached skill level 5 in Necromancy
  4784 | D:6      | Reached skill level 5 in Translocations
  4784 | D:6      | Reached skill level 5 in Fire Magic
  4784 | D:6      | Reached skill level 5 in Ice Magic
  4784 | D:6      | Reached skill level 5 in Air Magic
  4784 | D:6      | Reached skill level 5 in Earth Magic
  4784 | D:6      | Reached skill level 5 in Alchemy
  4797 | D:6      | Reached XP level 9. HP: 40/65 MP: 0/0
  4797 | D:6      | Learned a level 4 spell: Brom's Barrelling Boulder
  5091 | D:6      | Noticed Blork the orc
  5097 | D:6      | Killed Blork the orc
  5243 | D:6      | Noticed Maggie
  5271 | D:6      | Killed Maggie
  5272 | D:6      | Reached skill level 6 in Fighting
  5272 | D:6      | Reached skill level 5 in Dodging
  5613 | D:6      | Found a runed translucent door.
  5614 | D:6      | Noticed Crazy Yiuf
  5619 | D:6      | Killed Crazy Yiuf
  5791 | D:7      | Found a staircase to the Ecumenical Temple.
  5811 | Temple   | Entered the Ecumenical Temple
  5854 | Temple   | Became a worshipper of Qazlal Stormbringer
  6527 | D:7      | Upgraded the game from 0.31.0-10-gcf4a605ca0 to
                  | 0.31.0-11-ge490571c62
  6586 | D:8      | Noticed a tengu warrior
  6608 | D:8      | Killed a tengu warrior
  6609 | D:8      | Reached skill level 7 in Fighting
  6609 | D:8      | Reached skill level 5 in Shapeshifting
  6609 | D:8      | Reached XP level 10. HP: 57/75 MP: 0/0
  6998 | D:8      | Identified the +9 dagger of Charming Execution {venom,
                  | Int+6 Stlth+}
  7507 | D:8      | Found a runed translucent door.
  7507 | D:8      | Noticed Zvl3's ghost (novice GrEE)
  7684 | D:8      | Killed Zvl3's ghost
  7860 | D:9      | Reached skill level 1 in Shields
  7860 | D:9      | Reached skill level 1 in Invocations
  7860 | D:9      | Reached skill level 1 in Evocations
  7864 | D:9      | Reached XP level 11. HP: 51/81 MP: 0/0
  7864 | D:9      | Learned a level 4 spell: Petrify
  7884 | D:9      | Reached * piety under Qazlal
  7905 | D:9      | Killed from afar by a smoke demon

Illustrated notes

Levels and vault maps discovered:
D:1:      dpeg_arrival_round_c, layout_rooms, serial_shops, shop,
          minmay_quantized
D:2:      layout_basic, minmay_lizard_pond
D:3:      layout_loops_corners
D:4:      layout_loops_ring, st_stairs_12
D:5:      layout_rooms, lemuel_blue_sif_altar, chequers_serial_rivers_micro_c,
          nicolae_the_louvre, uniq_duvessa
D:6:      layout_loops_cross, uniq_maggie, uniq_crazy_yiuf_cottage,
          uniq_blork_the_orc
D:7:      layout_rooms, minmay_temple_entry_purple_smoke, worms_lemuel
D:8:      layout_basic, hellmonk_ghost_big_iron
D:9:      layout_loops_ring, david_lair_shrubbed
Temple:   kilobyte_greek_temple

Skill      XL: |  1  2  3  4  5  6  7  8  9 10 |
---------------+-------------------------------+-----
Fighting       | 1 2 3 4 5 7 |  7.9
Armour         | 1 2 3 |  3.0
Dodging        | 3 4 5 6 |  6.5
Shapeshifting  | 1 2 3 5 6 |  6.0
Spellcasting   | 4 5 6 |  6.6
Conjurations   | 4 5 6 |  6.6
Hexes          | 4 5 6 |  6.6
Summonings     | 4 5 6 |  6.6
Necromancy     | 4 5 6 |  6.6
Translocations | 4 5 6 |  6.6
Fire Magic     | 4 5 6 |  6.6
Ice Magic      | 4 5 6 |  6.6
Air Magic      | 4 5 6 |  6.6
Earth Magic    | 4 5 6 |  6.6
Alchemy        | 4 5 6 |  6.6
Short Blades   | 1 3 4 |  4.1
Shields        | 1 |  1.2
Invocations    | 1 |  1.2
Evocations     | 1 |  1.2
Stealth        | |  1.5

Action                     |  1- 3 |  4- 6 |  7- 9 | 10-12 || total
---------------------------+-------+-------+-------+-------++-------
  Melee: Unarmed           |     4 |     5 |       |       ||     9
         Whip              |       |       |     1 |       ||     1
         Short sword       |       |       |     1 |     1 ||     2
   Cast: Foxfire           |    94 |    29 |    74 |    34 ||   231
         Scorch            |     4 |    14 |    33 |     4 ||    55
         Shock             |       |    25 |    24 |     2 ||    51
         Volatile Blastmot |       |     7 |    10 |     1 ||    18
         Inner Flame       |       |     1 |     2 |       ||     3
         Flame Wave        |       |       |     7 |     1 ||     8
         Lesser Beckoning  |       |       |     2 |       ||     2
         Brom's Barrelling |       |       |    20 |    43 ||    63
    Use: Potion            |       |       |     1 |       ||     1
         Scroll            |       |       |    13 |       ||    13
 Armour: Robe              |     5 |    24 |    41 |    12 ||    82
  Dodge: Dodged            |     9 |    16 |    24 |    14 ||    63
  Block: Buckler           |       |       |       |     1 ||     1
